 Dungeon Crawl Stone Soup version 0.31-a0-174-g85c54bcb58 (webtiles) character file.

Game seed: 48619475070924384

226 qw the Shooter (level 6, -5/38 HPs)
             Began as a Gargoyle Hunter on June 15, 2023.
             Slain by Duvessa
             ... wielding a +2 rapier of draining
              (6 damage)
             ... on level 4 of the Dungeon.
             The game lasted 00:01:03 (2249 turns).

qw the Shooter (Gargoyle Hunter)                    Turns: 2249, Time: 00:01:03

Health: -5/38      AC: 11    Str: 14    XL:     6   Next: 1%
Magic:  6/6        EV: 15    Int: 10    God:
Gold:   212        SH:  0    Dex: 15    Spells: 5/5 levels left

rFire   . . .        Y - +1 shortbow
rCold   . . .        (shield currently unavailable)
rNeg    + . .        d - +0 ring mail
rPois   inf          (no helmet)
rElec   +            h - +0 cloak
rCorr   .            g - +0 pair of gloves
SInv    +            (no boots)
Will    .....        (no amulet)
Stlth   +            i - +5 ring of evasion
HPRegen 0.26/turn    e - ring of see invisible
MPRegen 0.10/turn

%: no passive effects
@: about to teleport
A: sickness immunity, AC +4, negative energy resistance 1, electricity
resistance, torment resistance 1, petrification resistance
a: no special abilities


You were on level 4 of the Dungeon.
You visited 1 branch of the dungeon, and saw 4 of its levels.

You collected 264 gold pieces.
You spent 52 gold pieces at shops.


Innate Abilities, Weirdness & Mutations

You are immune to sickness and miasma.
Your stone body is resilient. (AC +4)
You are immune to poison.
You resist negative energy. (rN+)
You are resistant to electric shocks. (rElec)
You are resistant to unholy torment.
You are immune to petrification.


   Skills:
 - Level 4.2 Fighting
 + Level 6.0 Ranged Weapons
 - Level 1.0 Armour
 - Level 1.5 Dodging
 - Level 1.1 Stealth


You had 5 spell levels left.
You didn't know any spells.
Your spell library was empty.

Inventory:

Hand Weapons
 Y - a +1 shortbow (weapon)
Armour
 d - a +0 ring mail (worn)
 g - a +0 pair of gloves (worn)
 h - a +0 cloak (worn)
Jewellery
 b - a ring of resist corrosion
 e - a ring of see invisible (right hand)
 i - a +5 ring of evasion (left hand)
Scrolls
 a - 2 scrolls of teleportation
 k - 4 scrolls of identify
Potions
 c - a potion of cancellation
 f - 3 potions of curing

Dungeon Overview and Level Annotations

Branches:
Dungeon (4/15)
 Temple: D:4-7

Altars:

Shops:
D:1 *   D:3 (

Annotations:
D:4 Dowan, Duvessa, Natasha


Message History

The cerulean imp is severely wounded.
The cerulean imp closely misses you. The cerulean imp misses you.
Duvessa hits you with a +2 rapier of draining.
The cerulean imp completely misses you. The quokka bites you.
Natasha claws you.
Dowan gestures wildly while chanting.
Dowan blinks!
The cerulean imp hits you but does no damage. x2
You shoot an arrow. The arrow hits Duvessa.
Duvessa is heavily wounded.
Duvessa hits you but does no damage. The quokka closely misses you.
The cerulean imp hits you but does no damage.
Dowan mumbles some strange words.
Dowan blinks!
Natasha stares at you and mumbles some strange words.
The magic dart hits you but does no damage.
The cerulean imp closely misses you.
The cerulean imp hits you but does no damage.
You shoot an arrow. The arrow hits Duvessa!
Duvessa is severely wounded.
Duvessa barely misses you. The quokka barely misses you.
The cerulean imp hits you but does no damage.
Dowan gestures wildly while chanting.
Dowan blinks!
Natasha zaps a wand.
The puff of flame hits you! Duvessa hits you but does no damage.
The cerulean imp hits you but does no damage.
The cerulean imp barely misses you. The quokka closely misses you.
2249 ||| READING 3 scrolls of teleportation.
As you read the scroll of teleportation, it crumbles to dust.
You feel strangely unstable.
Duvessa says, "Where magic fails, the sword succeeds!"
Duvessa hits you with a +2 rapier of draining.
The cerulean imp misses you.
Natasha wildly gestures.
You feel disoriented. Natasha casts a spell at you. The magic dart hits you.
The cerulean imp closely misses you. The quokka misses you.
The cerulean imp hits you but does no damage.
Duvessa hits you with a +2 rapier of draining.
You die...

..##### #.# ##<.......
.)....###.######..###..
.###..................
.#####........ ...e...
...........### #....#.
.............# #...s#
...........#.# #5.5.##
..####..#.##.# #eh5^.#
..# #..#.##.###@r...#
..# #..#.##......##...#
..# #....#######......#
..# #.#..# ##..... #.
..##.. ..... .......
.... #....... ... ...


You could see Duvessa (fast), Dowan, a scorpion, Natasha, 3 cerulean imps and a
quokka.

Vanquished Creatures
  Natasha (D:4)
  2 iguanas (D:4)
  7 adders
  An ufetubus (D:4)
  A worm (D:3)
  2 dart slugs (D:2)
  5 orcs
  12 ball pythons
  5 bats
  7 endoplasms
  3 giant cockroaches
  4 goblins
  6 hobgoblins
  3 jackals (D:3)
  A quokka (D:2)
  3 frilled lizards
  5 kobolds
  6 rats
74 creatures vanquished.

Notes
Turn   | Place    | Note
-------+----------+-------------------------------------------
     0 | D:1      | qw the Gargoyle Hunter began the quest for the Orb.
     0 | D:1      | Reached XP level 1. HP: 12/12 MP: 1/1
     0 | D:1      | 0 ||| qw: Version: 0.2-a-29-g511e9b1
     0 | D:1      | 0 ||| qw: Game counter: 5175
     0 | D:1      | 0 ||| qw: Always use a shield: true
     0 | D:1      | 0 ||| qw: God list: Okawaru
     0 | D:1      | 0 ||| qw: Allow faded altars: false
     0 | D:1      | 0 ||| qw: Do Orc after D:15 true
     0 | D:1      | 0 ||| qw: Do second Lair branch before Depths: true
     0 | D:1      | 0 ||| qw: Lair rune preference: random
     0 | D:1      | 0 ||| qw: Plans: Normal, Zot:1-4, Slime:5, God:TSO, Crypt,
                  | Tomb, Abyss, Pan, Hells, Win
     0 | D:1      | 0 ||| PLANNING D:1-11
   261 | D:1      | Reached XP level 2. HP: 17/17 MP: 2/2
   288 | D:1      | Found Nykajuno's General Store.
   298 | D:1      | 298 ||| BUYING scroll of identify (26 gold).
   298 | D:1      | Bought a scroll of identify for 26 gold pieces
   298 | D:1      | 298 ||| BUYING scroll of identify (26 gold).
   298 | D:1      | Bought a scroll of identify for 26 gold pieces
   677 | D:1      | 677 ||| UPGRADING to +0 ring mail.
   687 | D:1      | 687 ||| DROPPING +0 leather armour.
   688 | D:1      | 688 ||| UPGRADING to +0 cloak.
   693 | D:1      | 693 ||| UPGRADING to ring of see invisible.
   694 | D:1      | 694 ||| READING 3 scrolls labelled XUUFEIHYNO.
   698 | D:1      | 698 ||| READING 2 scrolls labelled ZAELAISMIZO.
   699 | D:1      | 699 ||| DRINKING 2 clear potions.
   700 | D:1      | 700 ||| READING 2 scrolls of identify.
   700 | D:1      | 700 ||| IDENTIFYING silvery potion
   701 | D:1      | 701 ||| DROPPING scroll of butterflies.
   702 | D:1      | 702 ||| DROPPING scroll of vulnerability.
   703 | D:1      | 703 ||| DROPPING potion of degeneration.
   806 | D:2      | Reached skill level 1 in Armour
   862 | D:2      | Reached XP level 3. HP: 21/21 MP: 3/3
   876 | D:2      | Reached skill level 5 in Ranged Weapons
  1027 | D:2      | Reached skill level 3 in Fighting
  1027 | D:2      | Reached XP level 4. HP: 28/28 MP: 4/4
  1430 | D:2      | 1430 ||| UPGRADING to +0 pair of gloves.
  1435 | D:2      | 1435 ||| UPGRADING to ring of resist corrosion.
  1436 | D:2      | 1436 ||| READING scroll labelled WECHAI LYRO.
  1437 | D:2      | 1437 ||| READING scroll labelled QASKOSK JAES.
  1438 | D:2      | 1438 ||| READING scroll labelled CEVVIAVARPH.
  1439 | D:2      | 1439 ||| READING 5 scrolls of identify.
  1439 | D:2      | 1439 ||| IDENTIFYING fizzy pink potion
  1787 | D:3      | Reached XP level 5. HP: 32/32 MP: 5/5
  1893 | D:3      | Found Yrai's Weapon Boutique.
  1906 | D:3      | Found a faded altar of an unknown god.
  2020 | D:3      | 2020 ||| UPGRADING to +5 ring of evasion.
  2022 | D:3      | 2022 ||| UPGRADING to ring of see invisible.
  2024 | D:3      | 2024 ||| READING 3 scrolls labelled XAFFAG RIER.
  2025 | D:3      | 2025 ||| DROPPING 2 scrolls of blinking.
  2076 | D:4      | Reached skill level 6 in Ranged Weapons
  2085 | D:4      | 2085 ||| FLEEEEING.
  2086 | D:4      | 2086 ||| FLEEEEING.
  2087 | D:4      | 2087 ||| STAIRDANCE
  2166 | D:4      | Noticed Natasha
  2168 | D:4      | Killed Natasha
  2235 | D:4      | Noticed Natasha
  2239 | D:4      | Noticed Duvessa
  2239 | D:4      | Noticed Dowan
  2240 | D:4      | Reached XP level 6. HP: 28/38 MP: 6/6
  2248 | D:4      | HP: 8/38 [Natasha/puff of flame (9)]
  2249 | D:4      | 2249 ||| READING 3 scrolls of teleportation.
  2249 | D:4      | HP: 1/38 [Natasha/magic dart (5)]
  2249 | D:4      | Slain by Duvessa

Levels and vault maps discovered:
D:1:      wheals_arrival_shading, layout_loops_ring, serial_shops,
          nicolae_shop_stone
D:2:      layout_basic, kennysheep_doodads, minmay_divided_ellipse
D:3:      layout_loops_ring, serial_shops, shop_fountains,
          shapermc_ecumenical_altar_rom_forum
D:4:      layout_rooms, minmay_misc_feat_cross, uniq_natasha, uniq_duvessa

Skill      XL: |  1  2  3  4  5 |
---------------+----------------+-----
Armour         | 1 |  1.0
Ranged Weapons | 5 6 |  6.0
Fighting       | 3 4 |  4.2
Dodging        | |  1.5
Stealth        | |  1.1

Action                     |  1- 3 |  4- 6 || total
---------------------------+-------+-------++-------
   Fire: Shortbow          |   104 |   153 ||   257
    Use: Scroll            |     3 |     6 ||     9
         Potion            |     1 |       ||     1
 Armour: Leather armour    |     5 |       ||     5
         Ring mail         |    27 |    56 ||    83
  Dodge: Dodged            |    26 |   116 ||   142

Table legend:
 A = Non-vault XP
 B = Vault XP
 C = Vault XP percentage of total XP
 D = Non-vault monster count
 E = Vault monster count
 F = Vault count percentage of total count
                 A         B        C        D         E       F
            +---------+---------+-------+---------+---------+-------
      Total |     241 |      82 |  25.4 |      60 |      14 |  18.9
            +---------+---------+-------+---------+---------+-------
        D:1 |      17 |       0 |   0.0 |      12 |       0 |   0.0
        D:2 |      55 |      47 |  46.1 |      18 |      13 |  41.9
        D:3 |      66 |       0 |   0.0 |      22 |       0 |   0.0
        D:4 |     103 |      35 |  25.4 |       8 |       1 |  11.1
            +---------+---------+-------+---------+---------+-------
